Stars vs Panthers

Created - April 16, 2020 at 19:24

Goals
1 2 3 T
Stars 1 2 2 5
Panthers 0 1 0 1
Shots
1 2 3 T
Stars 8 16 7 31
Panthers 11 9 7 27

1st period

1. Stars , B.J. Crombeen 6 (Cory Emmerton 21, Ian White 32) at 16:33

Penalties :
Erik Gudbranson (Flo) for Roughing (Minor) at 6:00, Brian Lee (Dal) for Hooking (Minor) at 8:38, Brian Lee (Dal) for Hooking (Minor) at 13:06

2nd period

2. Stars , John Tavares 33 (Guillaume Latendresse 41) at 2:34 (SH)
3. Stars , Alexander Frolov 10 (Brian Lee 33, Cory Emmerton 22) at 7:11
4. Panthers , Stephen Weiss 16 (Drew Stafford 30, Radko Gudas 16) at 18:56

Penalties :
Brian Lee (Dal) for Goalie Interference (Minor) at 2:11, David Booth (Flo) for Holding Stick (Minor) at 19:23

3rd period

5. Stars , Brian Lee 8 (Antoine Vermette 18) at 8:07 (PP)
6. Stars , Cory Emmerton 12 (B.J. Crombeen 13, Ian White 33) at 11:37

Penalties :
John Tavares (Dal) for Hooking (Minor) at 3:00, Radko Gudas (Flo) for High sticking (Minor) at 6:19, B.J. Crombeen (Dal) for Holding (Minor) at 9:25, Alex Galchenyuk (Flo) for Hooking (Minor) at 16:08

Goalie Stats

Cory Schneider (Dal), 26 saves from 27 shots - (0.963), W, 37-17-4, 60:00 minutes
Braden Holtby (Flo), 26 saves from 31 shots - (0.839), L, 8-10-3, 60:00 minutes

Players Stats for Stars

Player Name              G  A  P  +/- PIM S  H  SB GA TA FO     MP     PP MP  PK MP  
------------------------------------------------------------------------------------
Alex Chiasson            0  0  0   0  0   2  3  0  0  0  2/3    14:04   3:32   0:00 
Alexander Frolov         1  0  1   3  0   1  0  0  1  0  0/0    11:28   0:00   1:23 
Andrej Sustr             0  0  0   1  0   0  0  2  0  0  0/0    13:21   0:00   3:21 
Antoine Vermette         0  1  1   0  0   2  1  0  0  0  3/10   18:19   3:32   3:57 
B.J. Crombeen            1  1  2   3  2   4  0  0  0  0  0/0     9:29   0:00   0:00 
Boris Valabik            0  0  0  -1  0   0  1  1  0  0  0/0    24:09   4:12   3:32 
Brian Lee                1  1  2   3  6   1  1  2  0  2  0/0    22:54   3:33   2:26 
Cam Atkinson             0  0  0   0  0   1  1  0  1  0  0/0     8:15   0:00   0:00 
Cory Emmerton            1  2  3   3  0   3  1  0  2  0  3/6    12:29   0:00   1:52 
Evgeny Grachev           0  0  0   0  0   0  1  0  1  1  1/2     8:18   0:00   0:03 
Guillaume Latendresse    0  1  1   0  0   3  2  4  0  0  0/0    22:31   4:13   5:40 
Ian White                0  2  2   4  0   2  2  2  0  1  0/0    25:51   3:33   6:05 
John Tavares             1  0  1   0  2   5  0  1  1  0  17/35  21:42   4:13   4:20 
Johnny Oduya             0  0  0   0  0   1  0  1  0  0  0/0    11:26   0:00   0:54 
Jussi Jokinen            0  0  0   0  0   2  3  1  0  0  0/0    17:29   3:32   2:35 
Lasse Kukkonen           0  0  0  -1  0   0  1  0  0  0  0/0    22:54   4:12   3:32 
Michael Grabner          0  0  0  -1  0   3  2  0  0  0  2/2    16:50   4:13   0:00 
Ted Purcell              0  0  0   0  0   1  1  0  0  0  0/1     8:31   0:00   0:00 

Players Stats for Panthers

Player Name              G  A  P  +/- PIM S  H  SB GA TA FO     MP     PP MP  PK MP  
------------------------------------------------------------------------------------
Alex Galchenyuk          0  0  0  -2  2   3  1  1  1  0  3/4    19:16   5:33   0:47 
Andrei Kostitsyn         0  0  0   1  0   0  1  0  0  0  0/0    10:41   0:10   0:19 
Brandon Gormley          0  0  0  -1  0   2  2  1  0  1  0/0    13:59   0:26   1:16 
Chad Larose              0  0  0  -2  0   1  2  0  0  0  0/0    20:49   4:12   4:37 
David Booth              0  0  0  -2  2   1  1  1  1  0  2/2    16:03   4:12   0:00 
Drew Stafford            0  1  1   1  0   2  1  1  0  0  0/0    12:12   0:10   1:46 
Erik Gudbranson          0  0  0  -1  2   1  1  0  1  2  0/0    25:51   6:07   3:51 
Jonathan Sigalet         0  0  0  -2  0   0  1  1  0  1  0/0    17:37   3:48   2:38 
Kyle Wellwood            0  0  0   0  0   2  0  0  0  1  0/1     9:21   0:06   1:46 
Ladislav Smid            0  0  0   0  0   1  1  0  0  1  0/0    20:58   3:48   2:28 
Linus Omark              0  0  0   0  0   0  0  0  0  0  0/0     7:11   0:00   0:00 
Marek Svatos             0  0  0  -2  0   1  4  0  1  0  3/4    20:01   5:33   1:35 
Matt Duchene             0  0  0  -2  0   2  1  0  0  0  11/22  18:36   5:37   0:00 
Radko Gudas              0  1  1   0  2   0  1  0  0  0  0/0    14:43   0:00   0:00 
Stephen Weiss            1  0  1   1  0   3  1  0  0  0  2/6     9:52   0:00   0:00 
Taylor Chorney           0  0  0  -2  0   2  2  0  0  0  0/0    26:58   5:41   5:17 
Tomas Kopecky            0  0  0   0  0   1  2  0  0  0  0/0     7:11   0:00   0:00 
Travis Zajac             0  0  0  -2  0   5  0  1  0  0  10/20  20:52   4:12   4:40 

3 Stars

1 - Cory Emmerton (Dal)
2 - Ian White (Dal)
3 - B.J. Crombeen (Dal)

Power Play

Stars - 1 on 4 Attempt(s) - 25.00%
Panthers - 0 on 5 Attempt(s) - 0.00%

Penalty Kill

Stars - 5 on 5 Attempt(s) - 100.00% - Score 1 goal in Penalty Kill
Panthers - 3 on 4 Attempt(s) - 75.00% - Score 0 goal in Penalty Kill

Team Stat

Stars - Hits : 20 - Faceoff Wins : 28 - Blocked Shots : 14 - Penalty Minutes : 10
Panthers - Hits : 22 - Faceoff Wins : 31 - Blocked Shots : 6 - Penalty Minutes : 8

Official

Referees : Unknown
Linesman : Unknown

Game Notes

No Game Note

Finance

Level 1 -- Attendance: 4837 (80.62%) -- Ticket Income $570,766
Level 2 -- Attendance: 4035 (80.70%) -- Ticket Income $282,450
Level 3 -- Attendance: 1550 (77.50%) -- Ticket Income $66,650
Level 4 -- Attendance: 2723 (68.08%) -- Ticket Income $92,582
Luxury Box -- Attendance: 801 (80.10%) -- Ticket Income $156,195
Game was played at the Bank Atlantic Cente.
Total Attendance: 13946 (77.48%)
Total Ticket Income: $1,168,643
Other Income: $175,296
Total Income: $1,343,939

Stars

5 vs 5 Forward 
   Center                   Left Wing                Right Wing               Time % Phy DF OF 
 1 John Tavares             Guillaume Latendresse    Michael Grabner          40     1   2  2  
 2 Antoine Vermette         Jussi Jokinen            Alex Chiasson            30     1   2  2  
 3 Cory Emmerton            Alexander Frolov         B.J. Crombeen            20     1   2  2  
 4 Evgeny Grachev           Ted Purcell              Cam Atkinson             10     1   2  2  

5 vs 5 Defense 
   Defense                  Defense                                           Time % Phy DF OF 
 1 Ian White                Brian Lee                                         40     1   2  2  
 2 Boris Valabik            Lasse Kukkonen                                    30     1   2  2  
 3 Johnny Oduya             Andrej Sustr                                      20     1   2  2  
 4 Ian White                Brian Lee                                         10     1   2  2  

PowerPlay Forward 
   Center                   Left Wing                Right Wing               Time % Phy DF OF 
 1 John Tavares             Guillaume Latendresse    Michael Grabner          60     0   2  3  
 2 Antoine Vermette         Jussi Jokinen            Alex Chiasson            40     0   2  3  

PowerPlay Defense
   Defense                  Defense                                           Time % Phy DF OF 
 1 Ian White                Brian Lee                                         60     0   2  3  
 2 Boris Valabik            Lasse Kukkonen                                    40     0   2  3  

Penalty Kill 4 Players Forward 
   Center                   Wing                     Time % Phy DF OF 
 1 John Tavares             Guillaume Latendresse    60     0   3  2  
 2 Jussi Jokinen            Antoine Vermette         40     0   3  2  

Penalty Kill 4 Players Defense
   Defense                  Defense                  Time % Phy DF OF 
 1 Ian White                Brian Lee                60     0   3  2  
 2 Boris Valabik            Lasse Kukkonen           40     0   3  2  

Penalty Kill - 3 Players Forward 
   Forward                                           Time % Phy DF OF 
 1 John Tavares                                      60     0   3  2  
 2 Guillaume Latendresse                             40     0   3  2  

Penalty Kill - 3 Players Defense
   Defense                  Defense                  Time % Phy DF OF 
 1 Ian White                Brian Lee                60     0   3  2  
 2 Boris Valabik            Lasse Kukkonen           40     0   3  2  

4 vs 4 Forward 
   Center                   Wing                     Time % Phy DF OF 
 1 John Tavares             Guillaume Latendresse    60     1   2  2  
 2 Jussi Jokinen            Antoine Vermette         40     1   2  2  

4 vs 4 Defense
   Defense                  Defense                  Time % Phy DF OF 
 1 Ian White                Brian Lee                60     1   2  2  
 2 Boris Valabik            Lasse Kukkonen           40     1   2  2  

Last Minutes Offensive
   Center                   Left Wing                Right Wing               Defense                  Defense                  
   John Tavares             Guillaume Latendresse    Michael Grabner          Ian White                Brian Lee                

Last Minutes Defensive
   Center                   Left Wing                Right Wing               Defense                  Defense                  
   John Tavares             Guillaume Latendresse    Michael Grabner          Ian White                Brian Lee                

Goaltenders
Starting : Cory Schneider           
Backup : Brian Elliott            

Extra Forwards
Normal : Alexander Frolov, Ted Purcell, Cory Emmerton - PP : Alexander Frolov, Ted Purcell - PK : Cory Emmerton
Extra Defensemen
Normal : Johnny Oduya, Andrej Sustr, Boris Valabik - PP : Johnny Oduya - PK : Andrej Sustr, Boris Valabik
Penalty Shots
John Tavares, Guillaume Latendresse, Jussi Jokinen, Antoine Vermette, Alexander Frolov

Scratches
Lee Stempniak (Healthy), Niklas Hjalmarsson (Back Spasms Injury), Brian Flynn (Healthy), Shawn Matthias (Healthy)

Panthers

5 vs 5 Forward 
   Center                   Left Wing                Right Wing               Time % Phy DF OF 
 1 Matt Duchene             Alex Galchenyuk          Marek Svatos             40     0   2  3  
 2 Travis Zajac             David Booth              Chad Larose              30     0   2  3  
 3 Stephen Weiss            Andrei Kostitsyn         Drew Stafford            20     0   3  2  
 4 Kyle Wellwood            Linus Omark              Tomas Kopecky            10     1   2  2  

5 vs 5 Defense 
   Defense                  Defense                                           Time % Phy DF OF 
 1 Erik Gudbranson          Taylor Chorney                                    40     0   2  3  
 2 Radko Gudas              Ladislav Smid                                     30     0   2  3  
 3 Jonathan Sigalet         Brandon Gormley                                   20     0   3  2  
 4 Erik Gudbranson          Taylor Chorney                                    10     0   2  3  

PowerPlay Forward 
   Center                   Left Wing                Right Wing               Time % Phy DF OF 
 1 Matt Duchene             Alex Galchenyuk          Marek Svatos             60     0   1  4  
 2 Travis Zajac             David Booth              Chad Larose              40     0   1  4  

PowerPlay Defense
   Defense                  Defense                                           Time % Phy DF OF 
 1 Erik Gudbranson          Taylor Chorney                                    60     0   2  3  
 2 Jonathan Sigalet         Ladislav Smid                                     40     0   2  3  

Penalty Kill 4 Players Forward 
   Center                   Wing                     Time % Phy DF OF 
 1 Travis Zajac             Chad Larose              60     1   3  1  
 2 Kyle Wellwood            Drew Stafford            40     1   3  1  

Penalty Kill 4 Players Defense
   Defense                  Defense                  Time % Phy DF OF 
 1 Erik Gudbranson          Taylor Chorney           60     1   4  0  
 2 Jonathan Sigalet         Ladislav Smid            40     1   4  0  

Penalty Kill - 3 Players Forward 
   Forward                                           Time % Phy DF OF 
 1 Chad Larose                                       60     1   3  1  
 2 Drew Stafford                                     40     1   3  1  

Penalty Kill - 3 Players Defense
   Defense                  Defense                  Time % Phy DF OF 
 1 Erik Gudbranson          Taylor Chorney           60     1   4  0  
 2 Jonathan Sigalet         Ladislav Smid            40     1   4  0  

4 vs 4 Forward 
   Center                   Wing                     Time % Phy DF OF 
 1 Matt Duchene             Alex Galchenyuk          60     0   2  3  
 2 Travis Zajac             David Booth              40     0   2  3  

4 vs 4 Defense
   Defense                  Defense                  Time % Phy DF OF 
 1 Erik Gudbranson          Taylor Chorney           60     0   2  3  
 2 Radko Gudas              Ladislav Smid            40     1   2  2  

Last Minutes Offensive
   Center                   Left Wing                Right Wing               Defense                  Defense                  
   Matt Duchene             Alex Galchenyuk          Marek Svatos             Erik Gudbranson          Taylor Chorney           

Last Minutes Defensive
   Center                   Left Wing                Right Wing               Defense                  Defense                  
   Travis Zajac             David Booth              Chad Larose              Erik Gudbranson          Taylor Chorney           

Goaltenders
Starting : Braden Holtby            
Backup : Petr Mrazek              

Extra Forwards
Normal : David Booth, Alex Galchenyuk, Matt Duchene - PP : David Booth, Alex Galchenyuk - PK : Marek Svatos
Extra Defensemen
Normal : Brandon Gormley, Taylor Chorney, Erik Gudbranson - PP : Brandon Gormley - PK : Brandon Gormley, Taylor Chorney
Penalty Shots
Alex Galchenyuk, Kyle Wellwood, Andrei Kostitsyn, Travis Zajac, David Booth

Scratches
Christian Ehrhoff (Healthy), Daniel Paille (Healthy), Lubomir Visnovsky (Healthy), Matt Irwin (Healthy)

% Time on Ice - Stars

Lines # - Real PCT - Wanted PCT - Time Play
Normal Forward
1 - 33% - 40% - 13:46
2 - 26% - 30% - 10:50
3 - 22% - 20% - 9:29
4 - 19% - 10% - 8:15
Normal Defense
1 - 39% - 40% - 16:21
2 - 36% - 30% - 15:10
3 - 23% - 20% - 9:42
4 - 3% - 10% - 1:07
PP Forward
1 - 54% - 60% - 4:13
2 - 46% - 40% - 3:32
PP Defense
1 - 46% - 60% - 3:33
2 - 54% - 40% - 4:12
PK Forward
1 - 74% - 60% - 7:22
2 - 26% - 40% - 2:33
PK Defense
1 - 70% - 60% - 6:59
2 - 30% - 40% - 2:56
PK3 Forward
1 - 0% - 60%
2 - 0% - 40%
PK3 Defense
1 - 0% - 60%
2 - 0% - 40%
44 Forward
1 - 0% - 60%
2 - 0% - 40%
44 Defense
1 - 0% - 60%
2 - 0% - 40%
Last Minute Offensive  - 0:00
Last Minute Defensive  - 0:00
Total
Forward - 60:00
Defense - 60:00

% Time on Ice - Panthers

Lines # - Real PCT - Wanted PCT - Time Play
Normal Forward
1 - 32% - 40% - 13:21
2 - 28% - 30% - 11:56
3 - 23% - 20% - 9:52
4 - 17% - 10% - 7:11
Normal Defense
1 - 35% - 40% - 14:57
2 - 36% - 30% - 15:11
3 - 27% - 20% - 11:19
4 - 2% - 10% - 0:53
PP Forward
1 - 58% - 60% - 5:43
2 - 42% - 40% - 4:12
PP Defense
1 - 62% - 60% - 6:07
2 - 38% - 40% - 3:48
PK Forward
1 - 77% - 60% - 5:59
2 - 23% - 40% - 1:46
PK Defense
1 - 68% - 60% - 5:17
2 - 32% - 40% - 2:28
PK3 Forward
1 - 0% - 60%
2 - 0% - 40%
PK3 Defense
1 - 0% - 60%
2 - 0% - 40%
44 Forward
1 - 0% - 60%
2 - 0% - 40%
44 Defense
1 - 0% - 60%
2 - 0% - 40%
Last Minute Offensive  - 0:00
Last Minute Defensive  - 0:00
Total
Forward - 60:00
Defense - 60:00

Play-by-Play

1st period


0:01 of 1st period - Matt Duchene wins face-off versus John Tavares in neutral zone.
0:14 of 1st period - Wrist shot by Alex Galchenyuk.
0:14 of 1st period - Shot Blocked by Guillaume Latendresse.
0:32 of 1st period - Wrist shot by Travis Zajac.
0:32 of 1st period - Shot Misses the Net.
0:45 of 1st period - Icing by Erik Gudbranson.
0:46 of 1st period - Stephen Weiss wins face-off versus Cory Emmerton in Panthers zone.
0:57 of 1st period - Snap shot by B.J. Crombeen.
0:57 of 1st period - Shot Misses the Net.
2:19 of 1st period - Snap shot by John Tavares.
2:19 of 1st period - Shot Misses the Net.
2:31 of 1st period - Snap shot by David Booth.
2:31 of 1st period - Shot Misses the Net.
2:33 of 1st period - Slapshot by Radko Gudas.
2:33 of 1st period - Shot Misses the Net.
2:35 of 1st period - Slapshot by Ladislav Smid.
2:35 of 1st period - Stopped by Cory Schneider without a rebound.
2:36 of 1st period - Matt Duchene wins face-off versus Cory Emmerton in Stars zone.
3:07 of 1st period - Slapshot by Linus Omark.
3:07 of 1st period - Shot Misses the Net.
3:53 of 1st period - Wrist shot by B.J. Crombeen.
3:53 of 1st period - Stopped by Braden Holtby without a rebound.
3:54 of 1st period - Matt Duchene wins face-off versus Antoine Vermette in Panthers zone.
4:25 of 1st period - Snap shot by Michael Grabner.
4:25 of 1st period - Stopped by Braden Holtby with a rebound.
5:36 of 1st period - John Tavares is hit by Marek Svatos.
5:45 of 1st period - Icing by David Booth.
5:46 of 1st period - Evgeny Grachev wins face-off versus Travis Zajac in Panthers zone.
6:00 of 1st period - Minor Penalty to Erik Gudbranson for Roughing.
6:01 of 1st period - John Tavares wins face-off versus Travis Zajac in Panthers zone.
6:05 of 1st period - Slapshot by John Tavares.
6:05 of 1st period - Deflect By Taylor Chorney.
6:05 of 1st period - Shot Misses the Net.
6:05 of 1st period - Puck is out of play.
6:06 of 1st period - Travis Zajac wins face-off versus John Tavares in Panthers zone.
6:33 of 1st period - Wrist shot by Alex Chiasson.
6:33 of 1st period - Stopped by Braden Holtby with a rebound.
6:35 of 1st period - Slapshot by Boris Valabik.
6:35 of 1st period - Shot Misses the Net.
6:53 of 1st period - Ladislav Smid is hit by Alex Chiasson and loses puck.
7:26 of 1st period - Jussi Jokinen is hit by Marek Svatos and loses puck.
8:00 of 1st period - Penalty to Erik Gudbranson is over, Erik Gudbranson is back on ice.
8:20 of 1st period - Icing by Taylor Chorney.
8:21 of 1st period - Marek Svatos wins face-off versus Evgeny Grachev in Panthers zone.
8:21 of 1st period - Marek Svatos is hit by Ted Purcell.
8:27 of 1st period - Snap shot by Ted Purcell.
8:27 of 1st period - Stopped by Braden Holtby with a rebound.
8:38 of 1st period - Minor Penalty to Brian Lee for Hooking.
8:39 of 1st period - Matt Duchene wins face-off versus John Tavares in Stars zone.
8:51 of 1st period - Wrist shot by John Tavares.
8:51 of 1st period - Deflect By Guillaume Latendresse.
8:51 of 1st period - Stopped by Braden Holtby with a rebound.
9:15 of 1st period - Ian White is hit by David Booth.
10:38 of 1st period - Penalty to Brian Lee is over, Brian Lee is back on ice.
10:39 of 1st period - Brian Lee is hit by Brandon Gormley and loses puck.
10:50 of 1st period - Wrist shot by Alexander Frolov.
10:50 of 1st period - Shot Misses the Net.
10:56 of 1st period - Snap shot by Kyle Wellwood.
10:56 of 1st period - Stopped by Cory Schneider without a rebound.
10:57 of 1st period - Alex Chiasson wins face-off versus Stephen Weiss in Stars zone.
11:10 of 1st period - Snap shot by Alex Chiasson.
11:10 of 1st period - Shot Misses the Net.
11:34 of 1st period - Snap shot by Tomas Kopecky.
11:34 of 1st period - Stopped by Cory Schneider without a rebound.
11:35 of 1st period - Antoine Vermette wins face-off versus Matt Duchene in Stars zone.
12:02 of 1st period - Alex Galchenyuk is hit by Boris Valabik and loses puck.
12:11 of 1st period - Snap shot by Cory Emmerton.
12:11 of 1st period - Stopped by Braden Holtby with a rebound.
13:03 of 1st period - Wrist shot by Stephen Weiss.
13:03 of 1st period - Stopped by Cory Schneider without a rebound.
13:04 of 1st period - Antoine Vermette wins face-off versus Stephen Weiss in Stars zone.
13:06 of 1st period - Minor Penalty to Brian Lee for Hooking.
13:07 of 1st period - David Booth wins face-off versus John Tavares in Stars zone.
13:13 of 1st period - Snap shot by Travis Zajac.
13:13 of 1st period - Shot Blocked by Ian White.
15:06 of 1st period - Penalty to Brian Lee is over, Brian Lee is back on ice.
15:15 of 1st period - Brian Lee is hit by Drew Stafford and loses puck.
15:28 of 1st period - Ted Purcell is hit by Tomas Kopecky and loses puck.
16:20 of 1st period - Brian Lee is hit by Radko Gudas and loses puck.
16:33 of 1st period - Wrist shot by B.J. Crombeen.
16:33 of 1st period - Goal by B.J. Crombeen - Stars : 1 - Panthers : 0.
16:34 of 1st period - Travis Zajac wins face-off versus John Tavares in neutral zone.
16:37 of 1st period - Snap shot by Travis Zajac.
16:37 of 1st period - Stopped by Cory Schneider with a rebound.
16:39 of 1st period - Snap shot by Chad Larose.
16:39 of 1st period - Shot Blocked by Johnny Oduya.
16:41 of 1st period - Slapshot by Brandon Gormley.
16:41 of 1st period - Deflect By Chad Larose.
16:41 of 1st period - Shot Blocked by Andrej Sustr.
16:41 of 1st period - Puck is out of play.
16:42 of 1st period - Travis Zajac wins face-off versus John Tavares in Stars zone.
16:43 of 1st period - Slapshot by Brandon Gormley.
16:43 of 1st period - Stopped by Cory Schneider without a rebound.
16:44 of 1st period - John Tavares wins face-off versus Travis Zajac in Stars zone.
16:49 of 1st period - Slapshot by Travis Zajac.
16:49 of 1st period - Stopped by Cory Schneider with a rebound.
16:51 of 1st period - Wrist shot by Chad Larose.
16:51 of 1st period - Stopped by Cory Schneider without a rebound.
16:52 of 1st period - Alex Galchenyuk wins face-off versus John Tavares in Stars zone.
17:28 of 1st period - Slapshot by David Booth.
17:28 of 1st period - Stopped by Cory Schneider without a rebound.
17:29 of 1st period - Travis Zajac wins face-off versus Antoine Vermette in Stars zone.
17:38 of 1st period - Wrist shot by Travis Zajac.
17:38 of 1st period - Stopped by Cory Schneider without a rebound.
17:39 of 1st period - Travis Zajac wins face-off versus Antoine Vermette in Stars zone.
18:16 of 1st period - Wrist shot by Travis Zajac.
18:16 of 1st period - Shot Misses the Net.
18:24 of 1st period - Slapshot by Brandon Gormley.
18:24 of 1st period - Shot Misses the Net.
18:26 of 1st period - Slapshot by Brandon Gormley.
18:26 of 1st period - Shot Blocked by Jussi Jokinen.
18:28 of 1st period - Slapshot by Jonathan Sigalet.
18:28 of 1st period - Deflect By David Booth.
18:28 of 1st period - Shot Misses the Net.
18:28 of 1st period - Puck is out of play.
18:29 of 1st period - John Tavares wins face-off versus Matt Duchene in Stars zone.
18:36 of 1st period - John Tavares is hit by Alex Galchenyuk and loses puck.
18:55 of 1st period - Andrei Kostitsyn is hit by Lasse Kukkonen and loses puck.
19:06 of 1st period - Lasse Kukkonen is hit by Andrei Kostitsyn.
19:30 of 1st period - Snap shot by Cam Atkinson.
19:30 of 1st period - Shot Misses the Net.
19:44 of 1st period - Slapshot by Boris Valabik.
19:44 of 1st period - Shot Misses the Net.
19:46 of 1st period - Snap shot by John Tavares.
19:46 of 1st period - Deflect By Guillaume Latendresse.
19:46 of 1st period - Deflect By Matt Duchene.
19:46 of 1st period - Shot Misses the Net.
19:46 of 1st period - Puck is out of play.
19:47 of 1st period - John Tavares wins face-off versus Matt Duchene in Panthers zone.
19:48 of 1st period - Wrist shot by Guillaume Latendresse.
19:48 of 1st period - Shot Misses the Net.
19:50 of 1st period - Slapshot by Ian White.
19:50 of 1st period - Shot Misses the Net.
19:52 of 1st period - Backhand shot by Guillaume Latendresse.
19:52 of 1st period - Stopped by Braden Holtby without a rebound.
19:53 of 1st period - Matt Duchene wins face-off versus John Tavares in Panthers zone.
19:53 of 1st period - Matt Duchene is hit by Michael Grabner.
19:59 of 1st period - Wrist shot by Taylor Chorney.
19:59 of 1st period - Stopped by Cory Schneider with a rebound.
Goals for this period are 1 for Stars vs 0 for Panthers.
Shots for this period are 8 for Stars vs 11 for Panthers.

2nd period


0:01 of 2nd period - Matt Duchene wins face-off versus John Tavares in neutral zone.
0:08 of 2nd period - Snap shot by John Tavares.
0:08 of 2nd period - Deflect By Michael Grabner.
0:08 of 2nd period - Stopped by Braden Holtby with a rebound.
0:10 of 2nd period - Wrist shot by Michael Grabner.
0:10 of 2nd period - Deflect By John Tavares.
0:10 of 2nd period - Shot Misses the Net.
0:10 of 2nd period - Puck is out of play.
0:11 of 2nd period - John Tavares wins face-off versus Matt Duchene in Panthers zone.
0:18 of 2nd period - Snap shot by John Tavares.
0:18 of 2nd period - Stopped by Braden Holtby with a rebound.
2:08 of 2nd period - Slapshot by Drew Stafford.
2:08 of 2nd period - Stopped by Cory Schneider without a rebound.
2:09 of 2nd period - Alex Chiasson wins face-off versus Stephen Weiss in Stars zone.
2:11 of 2nd period - Minor Penalty to Brian Lee for Goalie Interference.
2:12 of 2nd period - Matt Duchene wins face-off versus John Tavares in Stars zone.
2:28 of 2nd period - Snap shot by John Tavares.
2:28 of 2nd period - Stopped by Braden Holtby without a rebound.
2:29 of 2nd period - John Tavares wins face-off versus Alex Galchenyuk in Panthers zone.
2:34 of 2nd period - Snap shot by John Tavares.
2:34 of 2nd period - Goal by John Tavares - Stars : 2 - Panthers : 0.
2:35 of 2nd period - John Tavares wins face-off versus Matt Duchene in neutral zone.
2:38 of 2nd period - Alex Galchenyuk is hit by Guillaume Latendresse and loses puck.
2:45 of 2nd period - Slapshot by Erik Gudbranson.
2:45 of 2nd period - Shot Blocked by Andrej Sustr.
2:47 of 2nd period - Slapshot by Taylor Chorney.
2:47 of 2nd period - Shot Misses the Net.
2:49 of 2nd period - Snap shot by Marek Svatos.
2:49 of 2nd period - Stopped by Cory Schneider with a rebound.
2:51 of 2nd period - Slapshot by Taylor Chorney.
2:51 of 2nd period - Shot Blocked by Guillaume Latendresse.
3:58 of 2nd period - Icing by Travis Zajac.
3:59 of 2nd period - Travis Zajac wins face-off versus Cory Emmerton in Panthers zone.
4:11 of 2nd period - Penalty to Brian Lee is over, Brian Lee is back on ice.
4:28 of 2nd period - Backhand shot by Jussi Jokinen.
4:28 of 2nd period - Stopped by Braden Holtby without a rebound.
4:29 of 2nd period - John Tavares wins face-off versus Marek Svatos in Panthers zone.
4:30 of 2nd period - Slapshot by Michael Grabner.
4:30 of 2nd period - Stopped by Braden Holtby with a rebound.
4:56 of 2nd period - Chad Larose is hit by Jussi Jokinen and loses puck.
5:05 of 2nd period - Antoine Vermette is hit by Ladislav Smid and loses puck.
5:19 of 2nd period - Off-side.
5:20 of 2nd period - Cory Emmerton wins face-off versus Kyle Wellwood in neutral zone.
5:53 of 2nd period - Wrist shot by B.J. Crombeen.
5:53 of 2nd period - Stopped by Braden Holtby with a rebound.
6:15 of 2nd period - Wrist shot by B.J. Crombeen.
6:15 of 2nd period - Stopped by Braden Holtby with a rebound.
6:17 of 2nd period - Snap shot by Ian White.
6:17 of 2nd period - Stopped by Braden Holtby with a rebound.
6:19 of 2nd period - Snap shot by Cory Emmerton.
6:19 of 2nd period - Stopped by Braden Holtby with a rebound.
6:21 of 2nd period - Slapshot by Cory Emmerton.
6:21 of 2nd period - Shot Blocked by Brandon Gormley.
6:23 of 2nd period - Slapshot by Ian White.
6:23 of 2nd period - Shot Blocked by Jonathan Sigalet.
7:11 of 2nd period - Snap shot by Alexander Frolov.
7:11 of 2nd period - Goal by Alexander Frolov - Stars : 3 - Panthers : 0.
7:12 of 2nd period - Michael Grabner wins face-off versus Matt Duchene in neutral zone.
7:19 of 2nd period - Erik Gudbranson is hit by Guillaume Latendresse.
7:39 of 2nd period - Antoine Vermette is hit by Erik Gudbranson.
7:47 of 2nd period - Slapshot by Antoine Vermette.
7:47 of 2nd period - Stopped by Braden Holtby with a rebound.
7:49 of 2nd period - Snap shot by Jussi Jokinen.
7:49 of 2nd period - Stopped by Braden Holtby with a rebound.
9:02 of 2nd period - Wrist shot by Cam Atkinson.
9:02 of 2nd period - Stopped by Braden Holtby with a rebound.
9:29 of 2nd period - Icing by Jonathan Sigalet.
9:30 of 2nd period - John Tavares wins face-off versus Travis Zajac in Panthers zone.
9:31 of 2nd period - Snap shot by Guillaume Latendresse.
9:31 of 2nd period - Shot Blocked by Travis Zajac.
9:47 of 2nd period - Snap shot by Brandon Gormley.
9:47 of 2nd period - Stopped by Cory Schneider with a rebound.
10:54 of 2nd period - Snap shot by Drew Stafford.
10:54 of 2nd period - Shot Misses the Net.
11:08 of 2nd period - Cam Atkinson is hit by Stephen Weiss and loses puck.
11:15 of 2nd period - Taylor Chorney is hit by Cam Atkinson and loses puck.
12:09 of 2nd period - Wrist shot by Stephen Weiss.
12:09 of 2nd period - Stopped by Cory Schneider with a rebound.
12:11 of 2nd period - Wrist shot by Erik Gudbranson.
12:11 of 2nd period - Stopped by Cory Schneider without a rebound.
12:12 of 2nd period - Marek Svatos wins face-off versus John Tavares in Stars zone.
12:13 of 2nd period - Wrist shot by Matt Duchene.
12:13 of 2nd period - Shot Blocked by Guillaume Latendresse.
12:21 of 2nd period - Wrist shot by Marek Svatos.
12:21 of 2nd period - Shot Blocked by Guillaume Latendresse.
12:23 of 2nd period - Snap shot by Marek Svatos.
12:23 of 2nd period - Shot Blocked by John Tavares.
12:25 of 2nd period - Snap shot by Matt Duchene.
12:25 of 2nd period - Stopped by Cory Schneider with a rebound.
12:27 of 2nd period - Snap shot by Alex Galchenyuk.
12:27 of 2nd period - Stopped by Cory Schneider without a rebound.
12:28 of 2nd period - Antoine Vermette wins face-off versus Travis Zajac in Stars zone.
12:33 of 2nd period - Radko Gudas is hit by Jussi Jokinen and loses puck.
12:38 of 2nd period - Wrist shot by Jussi Jokinen.
12:38 of 2nd period - Shot Misses the Net.
14:22 of 2nd period - Travis Zajac is hit by Jussi Jokinen and loses puck.
14:49 of 2nd period - B.J. Crombeen is hit by Taylor Chorney and loses puck.
15:04 of 2nd period - Cam Atkinson is hit by Marek Svatos and loses puck.
15:15 of 2nd period - Snap shot by John Tavares.
15:15 of 2nd period - Stopped by Braden Holtby without a rebound.
15:16 of 2nd period - John Tavares wins face-off versus Travis Zajac in Panthers zone.
15:17 of 2nd period - Snap shot by Guillaume Latendresse.
15:17 of 2nd period - Shot Blocked by David Booth.
15:31 of 2nd period - Snap shot by John Tavares.
15:31 of 2nd period - Deflect By Travis Zajac.
15:31 of 2nd period - Shot Misses the Net.
15:31 of 2nd period - Puck is out of play.
15:32 of 2nd period - Alex Galchenyuk wins face-off versus Antoine Vermette in Panthers zone.
16:02 of 2nd period - Off-side.
16:03 of 2nd period - John Tavares wins face-off versus Travis Zajac in neutral zone.
16:06 of 2nd period - Slapshot by Johnny Oduya.
16:06 of 2nd period - Stopped by Braden Holtby without a rebound.
16:07 of 2nd period - John Tavares wins face-off versus Matt Duchene in Panthers zone.
16:24 of 2nd period - Wrist shot by Michael Grabner.
16:24 of 2nd period - Shot Blocked by Alex Galchenyuk.
17:07 of 2nd period - Snap shot by Antoine Vermette.
17:07 of 2nd period - Shot Misses the Net.
17:29 of 2nd period - Snap shot by Drew Stafford.
17:29 of 2nd period - Deflect By B.J. Crombeen.
17:29 of 2nd period - Stopped by Cory Schneider without a rebound.
17:30 of 2nd period - Cory Emmerton wins face-off versus Matt Duchene in Stars zone.
17:35 of 2nd period - Alex Galchenyuk is hit by Ian White and loses puck.
18:02 of 2nd period - Snap shot by Drew Stafford.
18:02 of 2nd period - Deflect By Cory Emmerton.
18:02 of 2nd period - Shot Blocked by Brian Lee.
18:02 of 2nd period - Puck is out of play.
18:03 of 2nd period - Michael Grabner wins face-off versus Stephen Weiss in Stars zone.
18:56 of 2nd period - Snap shot by Stephen Weiss.
18:56 of 2nd period - Goal by Stephen Weiss - Stars : 3 - Panthers : 1.
18:57 of 2nd period - Matt Duchene wins face-off versus Antoine Vermette in neutral zone.
19:08 of 2nd period - Taylor Chorney is hit by Brian Lee.
19:23 of 2nd period - Minor Penalty to David Booth for Holding Stick.
19:24 of 2nd period - Travis Zajac wins face-off versus John Tavares in Panthers zone.
19:32 of 2nd period - Erik Gudbranson is hit by Michael Grabner and loses puck.
Goals for this period are 2 for Stars vs 1 for Panthers.
Shots for this period are 16 for Stars vs 9 for Panthers.

3rd period


0:01 of 3rd period - John Tavares wins face-off versus Travis Zajac in neutral zone.
1:08 of 3rd period - Boris Valabik is hit by Jonathan Sigalet.
1:23 of 3rd period - Penalty to David Booth is over, David Booth is back on ice.
1:30 of 3rd period - Snap shot by Andrei Kostitsyn.
1:30 of 3rd period - Shot Misses the Net.
2:02 of 3rd period - Andrej Sustr is hit by Tomas Kopecky and loses puck.
2:07 of 3rd period - Wrist shot by Kyle Wellwood.
2:07 of 3rd period - Stopped by Cory Schneider with a rebound.
2:14 of 3rd period - Icing by Andrej Sustr.
2:15 of 3rd period - Matt Duchene wins face-off versus Antoine Vermette in Stars zone.
2:46 of 3rd period - Wrist shot by David Booth.
2:46 of 3rd period - Shot Blocked by Boris Valabik.
2:48 of 3rd period - Wrist shot by Radko Gudas.
2:48 of 3rd period - Shot Misses the Net.
2:54 of 3rd period - Wrist shot by Travis Zajac.
2:54 of 3rd period - Stopped by Cory Schneider with a rebound.
3:00 of 3rd period - Minor Penalty to John Tavares for Hooking.
3:01 of 3rd period - Cory Emmerton wins face-off versus Matt Duchene in Stars zone.
3:10 of 3rd period - Cory Emmerton is hit by Marek Svatos and loses puck.
3:15 of 3rd period - Slapshot by Alex Galchenyuk.
3:15 of 3rd period - Stopped by Cory Schneider with a rebound.
3:17 of 3rd period - Snap shot by Marek Svatos.
3:17 of 3rd period - Shot Misses the Net.
3:37 of 3rd period - Wrist shot by David Booth.
3:37 of 3rd period - Deflect By Ian White.
3:37 of 3rd period - Shot Misses the Net.
3:37 of 3rd period - Puck is out of play.
3:38 of 3rd period - Alex Galchenyuk wins face-off versus Antoine Vermette in Stars zone.
4:26 of 3rd period - Erik Gudbranson is hit by Cory Emmerton and loses puck.
4:53 of 3rd period - Alexander Frolov is hit by Matt Duchene and loses puck.
5:00 of 3rd period - Penalty to John Tavares is over, John Tavares is back on ice.
5:09 of 3rd period - Slapshot by Boris Valabik.
5:09 of 3rd period - Shot Blocked by Drew Stafford.
5:11 of 3rd period - Slapshot by John Tavares.
5:11 of 3rd period - Shot Misses the Net.
5:31 of 3rd period - Slapshot by Jussi Jokinen.
5:31 of 3rd period - Deflect By John Tavares.
5:31 of 3rd period - Shot Misses the Net.
5:31 of 3rd period - Puck is out of play.
5:32 of 3rd period - David Booth wins face-off versus Ted Purcell in Panthers zone.
5:44 of 3rd period - Wrist shot by Travis Zajac.
5:44 of 3rd period - Stopped by Cory Schneider with a rebound.
6:08 of 3rd period - Snap shot by Jussi Jokinen.
6:08 of 3rd period - Deflect By Alex Chiasson.
6:08 of 3rd period - Stopped by Braden Holtby with a rebound.
6:10 of 3rd period - Slapshot by Ian White.
6:10 of 3rd period - Stopped by Braden Holtby without a rebound.
6:11 of 3rd period - John Tavares wins face-off versus Matt Duchene in Panthers zone.
6:19 of 3rd period - Minor Penalty to Radko Gudas for High sticking.
6:20 of 3rd period - Travis Zajac wins face-off versus John Tavares in Panthers zone.
6:32 of 3rd period - Snap shot by John Tavares.
6:32 of 3rd period - Stopped by Braden Holtby without a rebound.
6:33 of 3rd period - John Tavares wins face-off versus Travis Zajac in Panthers zone.
6:58 of 3rd period - Taylor Chorney is hit by Ian White and loses puck.
7:55 of 3rd period - Snap shot by Alex Galchenyuk.
7:55 of 3rd period - Stopped by Cory Schneider without a rebound.
7:56 of 3rd period - Marek Svatos wins face-off versus John Tavares in Stars zone.
8:07 of 3rd period - Slapshot by Brian Lee.
8:07 of 3rd period - Goal by Brian Lee - Stars : 4 - Panthers : 1.
8:08 of 3rd period - Matt Duchene wins face-off versus John Tavares in neutral zone.
8:19 of 3rd period - Wrist shot by Matt Duchene.
8:19 of 3rd period - Stopped by Cory Schneider with a rebound.
8:35 of 3rd period - Travis Zajac is hit by Antoine Vermette and loses puck.
9:25 of 3rd period - Minor Penalty to B.J. Crombeen for Holding.
9:26 of 3rd period - John Tavares wins face-off versus Matt Duchene in Stars zone.
9:42 of 3rd period - Slapshot by Taylor Chorney.
9:42 of 3rd period - Stopped by Cory Schneider without a rebound.
9:43 of 3rd period - Matt Duchene wins face-off versus John Tavares in Stars zone.
9:46 of 3rd period - Snap shot by Matt Duchene.
9:46 of 3rd period - Shot Hit the Post.
9:48 of 3rd period - Slapshot by Alex Galchenyuk.
9:48 of 3rd period - Shot Misses the Net.
9:50 of 3rd period - Backhand shot by Taylor Chorney.
9:50 of 3rd period - Shot Blocked by Brian Lee.
9:52 of 3rd period - Slapshot by Erik Gudbranson.
9:52 of 3rd period - Shot Blocked by Ian White.
9:54 of 3rd period - Snap shot by Marek Svatos.
9:54 of 3rd period - Shot Misses the Net.
10:45 of 3rd period - Lasse Kukkonen is hit by Taylor Chorney.
10:49 of 3rd period - Lasse Kukkonen is hit by Chad Larose and loses puck.
11:25 of 3rd period - Penalty to B.J. Crombeen is over, B.J. Crombeen is back on ice.
11:37 of 3rd period - Slapshot by Cory Emmerton.
11:37 of 3rd period - Goal by Cory Emmerton - Stars : 5 - Panthers : 1.
11:38 of 3rd period - Travis Zajac wins face-off versus John Tavares in neutral zone.
12:21 of 3rd period - Ian White is hit by Brandon Gormley and loses puck.
12:34 of 3rd period - Off-side.
12:35 of 3rd period - Stephen Weiss wins face-off versus Alex Chiasson in neutral zone.
13:34 of 3rd period - Cam Atkinson is hit by Chad Larose and loses puck.
13:55 of 3rd period - Snap shot by Antoine Vermette.
13:55 of 3rd period - Shot Misses the Net.
14:39 of 3rd period - Chad Larose is hit by Evgeny Grachev and loses puck.
14:50 of 3rd period - Snap shot by Tomas Kopecky.
14:50 of 3rd period - Shot Misses the Net.
14:56 of 3rd period - Kyle Wellwood is hit by Alex Chiasson and loses puck.
15:36 of 3rd period - Snap shot by Drew Stafford.
15:36 of 3rd period - Shot Misses the Net.
16:08 of 3rd period - Minor Penalty to Alex Galchenyuk for Hooking.
16:09 of 3rd period - Travis Zajac wins face-off versus John Tavares in Panthers zone.
16:26 of 3rd period - Snap shot by Guillaume Latendresse.
16:26 of 3rd period - Stopped by Braden Holtby with a rebound.
16:36 of 3rd period - Travis Zajac is hit by Alex Chiasson and loses puck.
16:43 of 3rd period - Slapshot by Antoine Vermette.
16:43 of 3rd period - Stopped by Braden Holtby without a rebound.
16:44 of 3rd period - John Tavares wins face-off versus Travis Zajac in Panthers zone.
18:08 of 3rd period - Penalty to Alex Galchenyuk is over, Alex Galchenyuk is back on ice.
Goals for this period are 2 for Stars vs 0 for Panthers.
Shots for this period are 7 for Stars vs 7 for Panthers.